AoeStats
← [B]Dr. Catanabico

MegaRandom

509821606Analyzed
2v2 RM · 5d ago on Sep 28, 2026· 50m 25s· 4 players
Game mode
Random Map
Map size
Medium (4 player)
Population
200
Speed
Normal
Resources
Standard
Victory
Conquest
Starting age
Dark Age
Ending age
Imperial Age
RankedLock teamsTeams togetherTeam positionsShared explorationLock speedFull tech treeHidden civsTurbo modeCheats
Victory
Defeat
🇲🇽 Saracens · Mexico
1113
+16
🇲🇽 Ethiopians · Mexico
1016
+19
🇺🇸 Varangians · United States
1126
-19
🇺🇸 Mongols · United States
1071
-16
[B]Dr. Catanabico
7:06 Loom
10:28 Feudal Age
12:40 Double-Bit Axe
18:01 Castle Age
18:20 Fletching
19:52 Bodkin Arrow
20:50 Horse Collar
22:03 Padded Archer Armor
24:54 Wheelbarrow
23:43 Crossbowman
26:26 Town Watch
27:09 Hand Cart
27:38 Town Patrol
28:01 Ballistics
31:33 Thumb Ring
31:48 Heavy Plow
37:08 Imperial Age
34:53 Masonry
38:55 Bracer
39:12 Leather Archer Armor
38:20 Arbalester
39:03 Capped Ram
42:06 Chemistry
44:18 Siege Ram
49:25 Bow Saw
20ag
3:51 Loom
11:09 Feudal Age
11:47 Double-Bit Axe
20:34 Castle Age
18:17 Horse Collar
20:11 Bloodlines
20:07 Scale Barding Armor
21:23 Wheelbarrow
21:41 Husbandry
31:41 Hand Cart
34:44 Imperial Age
34:13 Herbal Medicine
36:39 Thumb Ring
37:39 Ballistics
37:56 Bow Saw
38:58 Murder Holes
39:27 Masonry
41:13 Chemistry
41:20 Chain Barding Armor
41:12 Forging
40:53 Fletching
41:04 Padded Archer Armor
41:45 Conscription
41:17 Elite Skirmisher
43:18 Bodkin Arrow
43:46 Heavy Plow
48:48 Iron Casting
49:15 Hoardings
ahssole
2:34 Loom
12:01 Feudal Age
16:31 Castle Age
15:06 Double-Bit Axe
15:02 Horse Collar
17:15 Light Cavalry
23:46 Town Watch
24:40 Wheelbarrow
23:57 Stone Mining
23:58 Gold Mining
28:15 Fletching
28:50 Pikeman
29:30 Squires
35:56 Imperial Age
38:37 Conscription
39:33 Bloodlines
39:24 Husbandry
41:21 Capped Ram
43:29 Scale Barding Armor
43:34 Forging
43:56 Onager
46:27 Drill
45:32 Hussar
Random_Effects
9:38 Loom
12:13 Feudal Age
13:59 Double-Bit Axe
14:00 Horse Collar
16:57 Castle Age
15:08 Stone Mining
16:31 Bloodlines
17:36 Scale Barding Armor
19:19 Gold Mining
21:12 Bow Saw
25:37 Wheelbarrow
28:44 Hand Cart
34:00 Pikeman
41:40 Imperial Age
41:41 Elite Skirmisher
49:10 Vendel Legacy
50:04 Cavalier
50:45 Husbandry
Connection lost

Rejoining the realm…

Still unreachable

The connection could not be restored.

Session expired

The server has moved on; the page needs a fresh start.